 Dungeon Crawl Stone Soup version 0.16-a0-326-g6f2d4d4 (webtiles) character file.

39 PolkaDot the Caller (level 3, 0/24 HPs)
             Began as a Vampire Summoner on Sept 4, 2014.
             Shot with an arrow by a centaur (2 damage)
             ... on Level 4 of the Dungeon.
             The game lasted 00:04:38 (1717 turns).

PolkaDot the Caller (Vampire Summoner)              Turns: 1717, Time: 00:04:40

HP   0/24        AC  2     Str  7      XL: 3   Next: 28%
MP   0/6         EV 12     Int 18      God:
Gold 55          SH  0     Dex 14      Spells:  2 memorised,  3 levels left

rFire  . . .     SeeInvis +     e - +0 dagger
rCold  . . .     Clarity  .     a - +0 robe
rNeg   . . .     rCorr    .     (no shield)
rPois  .         rRot     .     (no helmet)
rElec  .         Spirit   .     (no cloak)
SustAb .         Warding  .     (no gloves)
rMut   .         Stasis   .     (no boots)
Gourm  .                        (no amulet)
MR     .....                    (no ring)
                                (no ring)

@: very slightly contaminated, regenerating quickly, not resistant to hostile
enchantments, unstealthy
A: fangs 3, see invisible, unbreathing
a: no special abilities


You were on level 4 of the Dungeon.
You were very full.

You visited 1 branch of the dungeon, and saw 3 of its levels.

You collected 55 gold pieces.

Inventory:

Hand weapons
 e - a +0 dagger (weapon)
Armour
 a - a +0 robe (worn)
Scrolls
 c - a scroll of amnesia {unknown}
 f - 7 scrolls of identify {unknown}
 i - a scroll of remove curse {unknown}
 j - a scroll of noise {unknown}
Potions
 d - a potion of heal wounds {unknown}
 g - a potion of curing {unknown}
 h - a potion of invisibility {unknown}
Books
 b - a book of Callings

   Spells                             Type                      Level
   *Summon Small Mammal               Summoning                    1
   *Call Imp                          Summoning                    2
   Call Canine Familiar               Summoning                    3
   Summon Guardian Golem              Hexes/Summoning              4
   Summon Lightning Spire             Summoning/Air                4
   Summon Ice Beast                   Ice/Summoning                4


   Skills:
 - Level 2.1 Dodging
 - Level 3.0 Stealth
 - Level 2.0 Spellcasting
 * Level 5.1 Summonings


You had 3 spell levels left.
You knew the following spells:

 Your Spells              Type           Power        Failure   Level  Hunger
a - Summon Small Mammal   Summ           ###.         1%          1    #......
s - Call Imp              Summ           ###.....     3%          2    ##.....


Dungeon Overview and Level Annotations

Branches:
Dungeon (4/15)
 Temple: D:4-7

Altars:
Xom


Innate Abilities, Weirdness & Mutations

Your natural rate of healing is unusually fast.
You have razor-sharp teeth.
You have supernaturally acute eyesight.
You can survive without breathing.


Message History

The centaur barely misses you.
The centaur hits you but does no damage.
Your shadow imp hits the centaur but does no damage.
You barely miss the centaur. The centaur hits you.
* * * LOW HITPOINT WARNING * * *
Your shadow imp hits the centaur but does no damage.
You hit the centaur but do no damage. The centaur hits you.
* * * LOW HITPOINT WARNING * * *
Your crimson imp barely misses the centaur.
Your shadow imp hits the centaur but does no damage.
The centaur hits you.
* * * LOW HITPOINT WARNING * * *
The centaur wields a runed shortbow.
It bursts into flame!
The centaur shoots an arrow.
The arrow barely misses your crimson imp.
The arrow hits you.
* * * LOW HITPOINT WARNING * * *
The arrow burns you.
* * * LOW HITPOINT WARNING * * *
You die...

.# .# #.
.##
#.###..#
#.<..#.#
#......##
#.5.....#
#..c..#
#..5..#
#..@..#
#....##
#.#.##
#...#
#....
#....#
#....#
#....#
....


You could see a centaur, a friendly crimson imp and a friendly shadow imp.

Vanquished Creatures
  An adder (D:2)
  A giant gecko (D:1)
  2 hobgoblins (D:2)
  5 giant cockroaches
  3 giant newts
  4 goblins
  4 kobolds
  10 rats
30 creatures vanquished.

Vanquished Creatures (collateral kills)
  A giant cockroach (D:1)
  3 hobgoblins (D:1)
  A ball python (D:1)
  A kobold (D:1)
6 creatures vanquished.

Vanquished Creatures (others)
  2 rats (D:1)
2 creatures vanquished.

Grand Total: 38 creatures vanquished

Notes
Turn   | Place    | Note
--------------------------------------------------------------
     0 | D:1      | PolkaDot, the Vampire Summoner, began the quest for the Orb.
     0 | D:1      | Reached XP level 1. HP: 13/13 MP: 3/3
   326 | D:1      | Reached XP level 2. HP: 19/19 MP: 4/4
   358 | D:1      | Learned a level 2 spell: Call Imp
  1423 | D:2      | Reached skill level 5 in Summonings
  1423 | D:2      | Reached XP level 3. HP: 13/24 MP: 0/6
  1668 | D:2      | Found a shimmering altar of Xom.
  1710 | D:2      | You fall through a shaft for 2 floors!
  1710 | D:4      | Noticed a centaur
  1717 | D:4      | Shot with an arrow by a centaur

Action                   || total
-------------------------++-------
Melee: Dagger            ||   105
       Club              ||     3
 Cast: Summon Small Mamm ||    17
       Call Imp          ||     2
  Use: Potion            ||     1
 Stab: Sleeping          ||     3
       Distracted        ||     1
  Eat: Corpse            ||    11
